[Event "CZE National Open 2020"]
[Site "Kouty nad Desnou"]
[Date "2020.03.07"]
[Round "1.2"]
[White "Klabenes, Petr"]
[Black "Pesek, Martin Jakub"]
[Result "1-0"]
[ECO "C34"]
[WhiteElo "1672"]
[BlackElo "1166"]
[Annotator "NA RC"]
[PlyCount "45"]
[EventDate "2020.03.07"]
[EventCountry "CZE"]
[SourceTitle "playchess.com"]
[Source "ChessBase"]
[SourceQuality "1"]
[TimeControl "5400+30"]

1. e4 e5 2. f4 exf4 3. Nf3 d6 4. d4 Nf6 5. Nc3 Nc6 6. Bxf4 Bg4 7. Bb5 Qd7 8. d5 Be7 9. dxc6 bxc6 10. Bd3 O-O 11. O-O c5 12. Qe1 Be6 13. e5 Nd5 14. Nxd5 Bxd5 15. c4 Bb7 16. Be4 Bxe4 17. Qxe4 f5 18. Qd5+ Rf7 19. e6 Qc8 20. exf7+ Kf8 21. Bg5 Bxg5 22. Nxg5 Ke7 23. Rae1+ 1-0

[Event "CZE National Open 2020"]
[Site "Kouty nad Desnou"]
[Date "2020.03.07"]
[Round "1.3"]
[White "Bouska, Jonas"]
[Black "Svacina, Tobias"]
[Result "0-1"]
[ECO "C47"]
[WhiteElo "1145"]
[BlackElo "1601"]
[Annotator "NA RC"]
[PlyCount "38"]
[EventDate "2020.03.07"]
[EventCountry "CZE"]
[SourceTitle "playchess.com"]
[Source "ChessBase"]
[SourceQuality "1"]
[TimeControl "5400+30"]

1. e4 e5 2. Nf3 Nc6 3. Nc3 Nf6 4. Bc4 Nxe4 5. O-O Nxc3 6. bxc3 d5 7. Bb3 Be6 8. d4 Bd6 9. Ba4 Qf6 10. Be3 O-O 11. Re1 e4 12. Nd2 Qh4 13. g3 Qh3 14. Qe2 Bg4 15. Qf1 Qh5 16. Bxc6 bxc6 17. Rab1 f5 18. f4 exf3 19. Nxf3 Bxf3 0-1

[Event "CZE National Open 2020"]
[Site "Kouty nad Desnou"]
[Date "2020.03.07"]
[Round "1.4"]
[White "Zaza, Martin"]
[Black "Veverka, Max"]
[Result "1-0"]
[ECO "C55"]
[WhiteElo "1574"]
[BlackElo "1117"]
[Annotator "NA RC"]
[PlyCount "78"]
[EventDate "2020.03.07"]
[EventCountry "CZE"]
[SourceTitle "playchess.com"]
[Source "ChessBase"]
[SourceQuality "1"]
[TimeControl "5400+30"]

1. e4 e5 2. Nf3 Nc6 3. Bc4 Nf6 4. d3 d5 5. exd5 Nxd5 6. O-O Be6 7. Re1 Bd6 8. Bb5 Qf6 9. Nbd2 Nb6 10. Ne4 Qf5 11. Ng3 Qf6 12. Bg5 Qg6 13. Qc1 f6 14. Bd2 O-O 15. Bxc6 bxc6 16. Kh1 Bd5 17. Nh4 Qg4 18. Nhf5 Be6 19. h3 Qg6 20. Nh4 Qf7 21. Ngf5 Qh5 22. Qd1 Qf7 23. Qf3 g5 24. Nh6+ Kg7 25. Nxf7 Rxf7 26. Nf5+ Bxf5 27. Qxf5 h6 28. h4 Rd8 29. h5 Kf8 30. Qg6 Rg7 31. Qxf6+ Rf7 32. Qxh6+ Ke8 33. Bxg5 Be7 34. Rxe5 Rd7 35. Rae1 Nc8 36. Qg6 a6 37. Bh6 a5 38. Qg8+ Rf8 39. Qh8 Rxh8 1-0

[Event "CZE National Open 2020"]
[Site "Kouty nad Desnou"]
[Date "2020.03.07"]
[Round "1.5"]
[White "Pejcha, Ivos"]
[Black "Cizek, Jan"]
[Result "0-1"]
[ECO "C54"]
[WhiteElo "1099"]
[BlackElo "1566"]
[Annotator "NA RC"]
[PlyCount "95"]
[EventDate "2020.03.07"]
[EventCountry "CZE"]
[SourceTitle "playchess.com"]
[Source "ChessBase"]
[SourceQuality "1"]
[TimeControl "5400+30"]

1. e4 e5 2. Nf3 Nc6 3. Bc4 Bc5 4. c3 Nf6 5. d4 exd4 6. cxd4 Bb4+ 7. Bd2 Bxd2+ 8. Nbxd2 d5 9. exd5 Nxd5 10. O-O O-O 11. Re1 Bg4 12. Qb3 Na5 13. Qa4 Nxc4 14. Qxc4 c6 15. Rad1 Qb6 16. b3 Rfe8 17. Rxe8+ Rxe8 18. Re1 Rxe1+ 19. Nxe1 Qa5 20. Qc2 g6 21. h3 Bf5 22. Qb2 Qc3 23. Qxc3 Nxc3 24. a4 Ne2+ 25. Kf1 Nxd4 26. Nef3 Nxf3 27. Nxf3 Bc2 28. Nd4 Bd3+ 29. Ke1 c5 30. Ne2 Kf8 31. Kd2 Bxe2 32. Kxe2 Ke7 33. Kd3 Kd6 34. Kc4 Kc6 35. g3 b6 36. h4 a6 37. Kc3 Kd5 38. Kd3 b5 39. axb5 axb5 40. f3 c4+ 41. bxc4+ bxc4+ 42. Kd2 Kd4 43. g4 c3+ 44. Kc2 Ke3 45. Kxc3 Kxf3 46. Kd4 Kxg4 47. Ke5 f5 48. Kd4 0-1

[Event "CZE National Open 2020"]
[Site "Kouty nad Desnou"]
[Date "2020.03.07"]
[Round "1.6"]
[White "Vyhnalek, Jan"]
[Black "Vondra, Filip"]
[Result "1-0"]
[ECO "D02"]
[WhiteElo "1528"]
[BlackElo "1072"]
[Annotator "NA RC"]
[PlyCount "33"]
[EventDate "2020.03.07"]
[EventCountry "CZE"]
[SourceTitle "playchess.com"]
[Source "ChessBase"]
[SourceQuality "1"]
[TimeControl "5400+30"]

1. d4 d5 2. Nf3 Nc6 3. Bf4 Bf5 4. e3 e6 5. Bd3 Bg4 6. O-O Nf6 7. Nbd2 Bd6 8. Bxd6 Qxd6 9. h3 Bh5 10. c4 dxc4 11. Bxc4 e5 12. dxe5 Nxe5 13. Qa4+ c6 14. Nxe5 Qxe5 15. Qc2 Qc5 16. Bxf7+ Bxf7 17. Qxc5 1-0

[Event "CZE National Open 2020"]
[Site "Kouty nad Desnou"]
[Date "2020.03.07"]
[Round "1.7"]
[White "Zezula, Matej"]
[Black "Steinbauer, Sebastian"]
[Result "0-1"]
[ECO "C34"]
[WhiteElo "1062"]
[BlackElo "1527"]
[Annotator "NA RC"]
[PlyCount "117"]
[EventDate "2020.03.07"]
[EventCountry "CZE"]
[SourceTitle "playchess.com"]
[Source "ChessBase"]
[SourceQuality "1"]
[TimeControl "5400+30"]

1. e4 e5 2. f4 exf4 3. Nf3 Nf6 4. Nc3 Bb4 5. e5 Qe7 6. Bc4 Ng4 7. d4 g5 8. O-O Bxc3 9. bxc3 b6 10. d5 Qc5+ 11. Qd4 Qxd4+ 12. Nxd4 Nxe5 13. Re1 d6 14. Nf3 f6 15. Nxe5 fxe5 16. Ba3 Ba6 17. Bb3 Nd7 18. Rad1 O-O-O 19. Bb4 Nf6 20. h3 h5 21. a4 g4 22. h4 g3 23. c4 Ng4 24. a5 Ne3 25. Ra1 Kb7 26. axb6 cxb6 27. Bd2 Nxc4 28. Bxc4 Bxc4 29. Re4 Bxd5 30. Rea4 Ra8 31. Bb4 Rhd8 32. Rd1 Bc6 33. Ra3 Kc7 34. Rad3 d5 35. Re1 e4 36. Rd4 Rd7 37. Rf1 Rf7 38. Be1 Bb5 39. Rxf4 Rxf4 40. Bxg3 Kc6 41. Bxf4 a5 42. Rd1 a4 43. Ra1 a3 44. Be5 Kc5 45. Kf2 d4 46. c3 dxc3 47. Bxc3 Bd3 48. Ke3 b5 49. Bf6 b4 50. Be7+ Kc4 51. Bf6 Kb3 52. Bd4 a2 53. Kd2 Bb1 54. g3 Rd8 55. Ke3 Rxd4 56. Kxd4 Kb2 57. Rxa2+ Kxa2 58. Ke5 b3 59. Kd4 0-1

[Event "CZE National Open 2020"]
[Site "Kouty nad Desnou"]
[Date "2020.03.07"]
[Round "1.8"]
[White "Cipl, Jan"]
[Black "Langova, Hana"]
[Result "1-0"]
[ECO "C01"]
[WhiteElo "1526"]
[BlackElo "1050"]
[Annotator "NA RC"]
[PlyCount "55"]
[EventDate "2020.03.07"]
[EventCountry "CZE"]
[SourceTitle "playchess.com"]
[Source "ChessBase"]
[SourceQuality "1"]
[TimeControl "5400+30"]

1. e4 e6 2. d4 d5 3. exd5 exd5 4. Nf3 Nc6 5. c4 Nf6 6. Nc3 dxc4 7. Bxc4 Na5 8. Bb5+ Bd7 9. Bf4 Bd6 10. Qe2+ Qe7 11. Qxe7+ Kxe7 12. Bxd6+ Kxd6 13. O-O-O c6 14. Bd3 b5 15. Ng5 Be6 16. d5 b4 17. dxe6 bxc3 18. Nxf7+ Ke7 19. Nxh8 Rxh8 20. bxc3 Rb8 21. Rhe1 Nd5 22. Kc2 Nb6 23. Rb1 Rd8 24. h3 Nbc4 25. Bxc4 Nxc4 26. Rb7+ Ke8 27. e7 Rd2+ 28. Kc1 1-0

[Event "CZE National Open 2020"]
[Site "Kouty nad Desnou"]
[Date "2020.03.07"]
[Round "1.9"]
[White "Bures, Lukas"]
[Black "Cerny, Michael"]
[Result "0-1"]
[ECO "B34"]
[WhiteElo "1048"]
[BlackElo "1513"]
[Annotator "NA RC"]
[PlyCount "76"]
[EventDate "2020.03.07"]
[EventCountry "CZE"]
[SourceTitle "playchess.com"]
[Source "ChessBase"]
[SourceQuality "1"]
[TimeControl "5400+30"]

1. e4 c5 2. Nf3 Nc6 3. d4 cxd4 4. Nxd4 g6 5. Nc3 Bg7 6. Be3 Nf6 7. f3 O-O 8. Qd2 d5 9. O-O-O e6 10. Bg5 Qb6 11. Nxc6 bxc6 12. g4 a5 13. Bh6 dxe4 14. Bxg7 e3 15. Qg2 Kxg7 16. h4 Nd5 17. Nxd5 exd5 18. Bd3 a4 19. g5 Be6 20. h5 Rfb8 21. c3 d4 22. Qh2 dxc3 23. Qe5+ Kf8 24. Qh8+ Ke7 25. Qf6+ Ke8 26. Qh8+ Kd7 27. Qxc3 Kc7 28. hxg6 hxg6 29. Qe5+ Kb7 30. Bxg6 Ra5 31. Qf4 fxg6 32. Rh7+ Ka6 33. Qf6 Bxa2 34. Rdd7 Rc5+ 35. Kd1 Bb3+ 36. Ke1 Rc1+ 37. Ke2 Bc4+ 38. Rd3 Rc2+ 0-1

[Event "CZE National Open 2020"]
[Site "Kouty nad Desnou"]
[Date "2020.03.08"]
[Round "2.2"]
[White "Hobza, Vojtech"]
[Black "Klabenes, Petr"]
[Result "0-1"]
[ECO "A45"]
[WhiteElo "1374"]
[BlackElo "1672"]
[Annotator "NA"]
[PlyCount "120"]
[EventDate "2020.03.07"]
[EventCountry "CZE"]
[SourceTitle "playchess.com"]
[Source "ChessBase"]
[SourceQuality "1"]
[TimeControl "5400+30"]

1. d4 Nf6 2. Bf4 d6 3. e3 g6 4. Bd3 Bg7 5. Nd2 O-O 6. Ngf3 Nh5 7. Bg3 Nxg3 8. hxg3 e5 9. O-O f5 10. dxe5 dxe5 11. Bc4+ Kh8 12. c3 b6 13. Nb3 Bb7 14. Qxd8 Rxd8 15. Rfd1 Na6 16. Ng5 Rxd1+ 17. Rxd1 Bf6 18. Nf7+ Kg7 19. Bxa6 Bxa6 20. Rd7 c5 21. Nxe5+ Kh6 22. Nf3 Bc4 23. Nfd2 Bxb3 24. Nxb3 a5 25. Rd6 Bd8 26. Nd2 b5 27. Rd5 Be7 28. Kf1 a4 29. Rd7 Bf6 30. Rb7 b4 31. cxb4 cxb4 32. Rxb4 a3 33. b3 Bc3 34. Rh4+ Kg7 35. Ke2 Rd8 36. Nc4 h5 37. Rh1 Bb4 38. Rd1 Rxd1 39. Kxd1 Kf6 40. f4 g5 41. Ke2 g4 42. Kd3 Be1 43. Nxa3 Bxg3 44. Ke2 h4 45. b4 h3 46. gxh3 gxh3 47. Kf1 Ke6 48. b5 Kd5 49. b6 Kc6 50. Nc4 Bh4 51. a4 Bd8 52. Kg1 Kc5 53. b7 Bc7 54. a5 Kxc4 55. a6 Bb8 56. e4 fxe4 57. f5 e3 58. f6 h2+ 59. Kg2 e2 60. f7 e1=Q 0-1

[Event "CZE National Open 2020"]
[Site "Kouty nad Desnou"]
[Date "2020.03.08"]
[Round "2.3"]
[White "Svacina, Tobias"]
[Black "Milfort, Vaclav"]
[Result "1-0"]
[ECO "B00"]
[WhiteElo "1601"]
[BlackElo "1350"]
[Annotator "NA"]
[PlyCount "43"]
[EventDate "2020.03.07"]
[EventCountry "CZE"]
[SourceTitle "playchess.com"]
[Source "ChessBase"]
[SourceQuality "1"]
[TimeControl "5400+30"]

1. e4 b6 2. Nc3 Bb7 3. d4 e6 4. Bd3 Nc6 5. Nf3 d6 6. d5 exd5 7. exd5 Nb4 8. Bb5+ c6 9. dxc6 Nxc6 10. Nd4 Qc7 11. Nd5 Qc8 12. Qe2+ Nge7 13. Bg5 Kd8 14. Nxc6+ Bxc6 15. Bxe7+ Kd7 16. Bxf8 Qe8 17. Bxc6+ Kxc6 18. Nb4+ Kd7 19. Bxg7 Qxe2+ 20. Kxe2 Rhg8 21. Bc3 Rxg2 22. Kf3 1-0

[Event "CZE National Open 2020"]
[Site "Kouty nad Desnou"]
[Date "2020.03.08"]
[Round "2.4"]
[White "Strnad, Vladimir"]
[Black "Zaza, Martin"]
[Result "1-0"]
[ECO "C41"]
[WhiteElo "1356"]
[BlackElo "1574"]
[Annotator "NA"]
[PlyCount "145"]
[EventDate "2020.03.07"]
[EventCountry "CZE"]
[SourceTitle "playchess.com"]
[Source "ChessBase"]
[SourceQuality "1"]
[TimeControl "5400+30"]

1. e4 e5 2. Nf3 d6 3. d4 Nf6 4. Bg5 h6 5. Bh4 Be7 6. dxe5 Nxe4 7. Bxe7 Qxe7 8. exd6 Nxd6+ 9. Qe2 Qxe2+ 10. Bxe2 O-O 11. Nc3 Be6 12. O-O-O Nc6 13. Rhe1 a6 14. Nd4 Nxd4 15. Rxd4 b5 16. Bf3 Rab8 17. Nd5 Bxd5 18. Bxd5 Rfe8 19. Rxe8+ Rxe8 20. Kd2 c5 21. Rd3 Rd8 22. Bf3 Nc4+ 23. Kc3 Rxd3+ 24. cxd3 Nd6 25. d4 c4 26. Kb4 Kf8 27. Ka5 Ke7 28. Kxa6 b4 29. Bd1 c3 30. bxc3 bxc3 31. Ka5 Nf5 32. Kb4 Nxd4 33. Kxc3 Nb5+ 34. Kb4 Na7 35. a4 Kd6 36. Bf3 Kc7 37. a5 Nc8 38. a6 Kb6 39. Bb7 Nd6 40. Bd5 f5 41. a7 Kxa7 42. Kc5 Ne8 43. Bf7 Nf6 44. Kd4 Ng4 45. f3 Nxh2 46. Bc4 f4 47. Ke4 g5 48. Be2 Kb6 49. Kf5 Kc5 50. Kg6 Kd4 51. Kxh6 g4 52. fxg4 Ke3 53. Bd1 Kf2 54. g5 Nf1 55. Bf3 Ne3 56. g6 Nxg2 57. g7 Kxf3 58. g8=Q Kf2 59. Qa2+ Kg3 60. Kg5 f3 61. Qa3 Kf2 62. Kg4 Ne3+ 63. Kh3 Ng2 64. Qb2+ Ke1 65. Kg3 Nh4 66. Qf2+ Kd1 67. Kxh4 Kc1 68. Kg3 Kd1 69. Kxf3 Kc1 70. Ke3 Kb1 71. Kd3 Ka1 72. Kc3 Kb1 73. Qb2# 1-0

[Event "CZE National Open 2020"]
[Site "Kouty nad Desnou"]
[Date "2020.03.08"]
[Round "2.5"]
[White "Cizek, Jan"]
[Black "Hobza, Radek"]
[Result "1-0"]
[ECO "C03"]
[WhiteElo "1566"]
[BlackElo "1334"]
[Annotator "NA"]
[PlyCount "57"]
[EventDate "2020.03.07"]
[EventCountry "CZE"]
[SourceTitle "playchess.com"]
[Source "ChessBase"]
[SourceQuality "1"]
[TimeControl "5400+30"]

1. e4 e6 2. d4 d5 3. Nd2 a6 4. Bd3 c5 5. exd5 exd5 6. Ngf3 Nf6 7. O-O cxd4 8. Qe2+ Qe7 9. Qxe7+ Bxe7 10. Nxd4 O-O 11. N2f3 Nc6 12. Re1 Bc5 13. Be3 Nb4 14. Bf1 Bg4 15. a3 Bxf3 16. axb4 Bxd4 17. Bxd4 Be4 18. c3 b5 19. g3 Rfc8 20. Bg2 Bd3 21. Bxf6 gxf6 22. Bxd5 Ra7 23. Re3 Bc4 24. Bxc4 bxc4 25. f4 f5 26. Ra5 Rd8 27. Kf2 Rd3 28. Rxd3 cxd3 29. Rd5 1-0

[Event "CZE National Open 2020"]
[Site "Kouty nad Desnou"]
[Date "2020.03.08"]
[Round "2.6"]
[White "Jun, Rostislav"]
[Black "Vyhnalek, Jan"]
[Result "0-1"]
[ECO "B01"]
[WhiteElo "1342"]
[BlackElo "1528"]
[Annotator "NA"]
[PlyCount "78"]
[EventDate "2020.03.07"]
[EventCountry "CZE"]
[SourceTitle "playchess.com"]
[Source "ChessBase"]
[SourceQuality "1"]
[TimeControl "5400+30"]

1. e4 d5 2. exd5 Qxd5 3. Nf3 Bg4 4. Be2 Nf6 5. Nc3 Qa5 6. O-O Nbd7 7. a3 e6 8. b4 Bxb4 9. Bb2 Bd6 10. Nb5 O-O 11. Nxd6 cxd6 12. Re1 Rac8 13. Bc3 Qc7 14. Ra2 Nd5 15. Ba1 Nf4 16. Bf1 Qa5 17. Bc3 Qd5 18. Rb2 Nh3+ 19. gxh3 Bxf3 20. Bg2 Rxc3 21. dxc3 Qxd1 22. Rxd1 Bxd1 23. Rxb7 Nc5 24. Rxa7 Bxc2 25. Bc6 Rb8 26. f3 g6 27. Kg2 Kg7 28. a4 Rb2 29. Kg3 Rb3 30. Be8 Rb7 31. Rxb7 Nxb7 32. Bc6 Na5 33. Bb5 Bb3 34. f4 Kf6 35. h4 h5 36. h3 Bc4 37. Bxc4 Nxc4 38. Kf3 Kf5 39. Ke2 Ke4 0-1

[Event "CZE National Open 2020"]
[Site "Kouty nad Desnou"]
[Date "2020.03.08"]
[Round "2.7"]
[White "Steinbauer, Sebastian"]
[Black "Lukas, Ondrej"]
[Result "1/2-1/2"]
[ECO "B12"]
[WhiteElo "1527"]
[BlackElo "1304"]
[Annotator "NA"]
[PlyCount "102"]
[EventDate "2020.03.07"]
[EventCountry "CZE"]
[SourceTitle "playchess.com"]
[Source "ChessBase"]
[SourceQuality "1"]
[TimeControl "5400+30"]

1. e4 c6 2. d4 d5 3. e5 c5 4. c3 cxd4 5. cxd4 Bf5 6. g4 Bd7 7. Nc3 e6 8. h4 Nc6 9. f4 Bb4 10. Nf3 Nge7 11. Qc2 Rc8 12. a3 Bxc3+ 13. bxc3 Na5 14. Bd3 Qc7 15. Bd2 Nc4 16. h5 Nxd2 17. Kxd2 Qa5 18. a4 Rc7 19. Nh4 Nc8 20. f5 Nb6 21. fxe6 Bxe6 22. Nf5 Bxf5 23. gxf5 Nc4+ 24. Ke2 Nb6 25. Bb5+ Ke7 26. Kd2 Nc4+ 27. Bxc4 Rxc4 28. f6+ gxf6 29. exf6+ Kd6 30. Kd3 Rhc8 31. Ra3 b5 32. Qh2+ Kd7 33. Qh3+ Kd6 34. Qg3+ Kd7 35. Qg4+ Kd6 36. Qf4+ Kc6 37. axb5+ Qxb5 38. Kc2 Rb8 39. Rha1 Qb2+ 40. Kd3 Rb7 41. Qe5 Qf2 42. Ra6+ Rb6 43. Rxb6+ axb6 44. Qe8+ Kd6 45. Qe7+ Kc6 46. Ra7 Qf3+ 47. Kd2 Qxc3+ 48. Ke2 Qc2+ 49. Kf3 Qf5+ 50. Ke2 Qc2+ 51. Kf3 Qf5+ {[%emt 0:00:04] Ke4} 1/2-1/2

[Event "CZE National Open 2020"]
[Site "Kouty nad Desnou"]
[Date "2020.03.08"]
[Round "2.8"]
[White "Vcela, Martin"]
[Black "Cipl, Jan"]
[Result "1/2-1/2"]
[ECO "C22"]
[WhiteElo "1307"]
[BlackElo "1526"]
[Annotator "NA"]
[PlyCount "77"]
[EventDate "2020.03.07"]
[EventCountry "CZE"]
[SourceTitle "playchess.com"]
[Source "ChessBase"]
[SourceQuality "1"]
[TimeControl "5400+30"]

1. e4 e5 2. d4 exd4 3. Qxd4 Nc6 4. Qe3 b6 5. Nc3 Bb7 6. Bd2 Bc5 7. Qg3 Qf6 8. Nf3 Bd6 9. Qg5 O-O-O 10. O-O-O Ne5 11. Qxf6 Nxf6 12. Nxe5 Bxe5 13. f4 Bxc3 14. Bxc3 Nxe4 15. Bxg7 Rhg8 16. Bd4 c5 17. Be3 f5 18. Rg1 Kc7 19. Bd3 d5 20. Bxe4 dxe4 21. Rxd8 Kxd8 22. Kd2 Ke7 23. h3 h5 24. Bf2 Ke6 25. Kc3 Rd8 26. g4 hxg4 27. hxg4 fxg4 28. Rxg4 Rh8 29. Rg7 Rh3+ 30. Kd2 Rh2 31. Ke3 Rh3+ 32. Rg3 Rxg3+ 33. Bxg3 Kf5 34. Bh4 Bd5 35. a3 Bc4 36. Bd8 Bf1 37. c3 b5 38. b4 c4 39. Bc7 1/2-1/2

[Event "CZE National Open 2020"]
[Site "Kouty nad Desnou"]
[Date "2020.03.08"]
[Round "2.9"]
[White "Cerny, Michael"]
[Black "Martirosyan, Artyom"]
[Result "1/2-1/2"]
[ECO "A16"]
[WhiteElo "1513"]
[BlackElo "1260"]
[Annotator "NA"]
[PlyCount "75"]
[EventDate "2020.03.07"]
[EventCountry "CZE"]
[SourceTitle "playchess.com"]
[Source "ChessBase"]
[SourceQuality "1"]
[TimeControl "5400+30"]

1. c4 Nf6 2. Nc3 g6 3. e4 e5 4. g3 c6 5. Bg2 d6 6. Nge2 Be6 7. b3 c5 8. O-O Bg7 9. f4 Qd7 10. Ba3 Nc6 11. fxe5 Nxe5 12. d4 cxd4 13. Nxd4 Bh3 14. Ndb5 Bxg2 15. Nxd6+ Kf8 16. Nf5+ Ke8 17. Nxg7+ Kd8 18. Rxf6 Kc8 19. Qxd7+ Nxd7 20. Rxf7 Bh3 21. Rd1 Ne5 22. Rf6 Ng4 23. Rf8+ Rxf8 24. Bxf8 Ne5 25. Be7 b6 26. Ne8 Kb7 27. Nd6+ Kc6 28. b4 a6 29. Nd5 Bg4 30. Rc1 Ra7 31. b5+ Kd7 32. Nxb6+ Ke6 33. Nbc8 Ra8 34. b6 Nd3 35. b7 Rb8 36. Rb1 Ke5 37. Na7 Bd7 38. Ndc8 1/2-1/2

[Event "CZE National Open 2020"]
[Site "Kouty nad Desnou"]
[Date "2020.03.09"]
[Round "3.2"]
[White "Klabenes, Petr"]
[Black "Sichrovsky, Tomas"]
[Result "1/2-1/2"]
[ECO "B10"]
[WhiteElo "1672"]
[BlackElo "1470"]
[Annotator "NA"]
[PlyCount "82"]
[EventDate "2020.03.07"]
[EventCountry "CZE"]
[SourceTitle "playchess.com"]
[Source "ChessBase"]
[SourceQuality "1"]
[TimeControl "5400+30"]

1. e4 c6 2. f4 d5 3. e5 Bf5 4. d4 e6 5. Bd3 Ne7 6. Nf3 Bxd3 7. Qxd3 Nd7 8. O-O Qb6 9. b3 c5 10. c3 O-O-O 11. Na3 h6 12. Be3 Nf5 13. Nc2 Nxe3 14. Nxe3 Be7 15. Kh1 Rdg8 16. f5 g5 17. f6 Bf8 18. Rac1 Kb8 19. Qc2 g4 20. Nh4 cxd4 21. cxd4 Ba3 22. Rcd1 Rc8 23. Qe2 h5 24. Qf2 Bf8 25. Qg3 Ka8 26. Qf2 Bh6 27. Nhf5 Bxe3 28. Nxe3 Rc3 29. Qd2 Rhc8 30. h3 gxh3 31. gxh3 R3c7 32. Qe2 Rh8 33. Rg1 Nf8 34. Rg5 h4 35. Rh5 Rxh5 36. Qxh5 Ng6 37. Qh7 a5 38. Ng4 Qb5 39. Qg8+ Ka7 40. Qd8 Qe2 41. Qxc7 Qxd1+ 1/2-1/2

[Event "CZE National Open 2020"]
[Site "Kouty nad Desnou"]
[Date "2020.03.09"]
[Round "3.3"]
[White "Hrbek, Jachym"]
[Black "Svacina, Tobias"]
[Result "1-0"]
[ECO "C34"]
[WhiteElo "1433"]
[BlackElo "1601"]
[Annotator "NA RC"]
[PlyCount "29"]
[EventDate "2020.03.07"]
[EventCountry "CZE"]
[SourceTitle "playchess.com"]
[Source "ChessBase"]
[SourceQuality "1"]
[TimeControl "5400+30"]

1. e4 e5 2. f4 exf4 3. Nf3 h6 4. Bc4 d6 5. d4 g5 6. O-O Bg7 7. g3 Bh3 8. Rf2 fxg3 9. Bxf7+ Kxf7 10. Ne5+ Ke6 11. d5+ Kxe5 12. hxg3 Ne7 13. b3 Kxe4 14. Qd3+ Ke5 15. Bb2# 1-0

[Event "CZE National Open 2020"]
[Site "Kouty nad Desnou"]
[Date "2020.03.09"]
[Round "3.4"]
[White "Mametev, Artem"]
[Black "Cizek, Jan"]
[Result "0-1"]
[ECO "C02"]
[WhiteElo "1419"]
[BlackElo "1566"]
[Annotator "NA RC"]
[PlyCount "126"]
[EventDate "2020.03.07"]
[EventCountry "CZE"]
[SourceTitle "playchess.com"]
[Source "ChessBase"]
[SourceQuality "1"]
[TimeControl "5400+30"]

1. e4 e6 2. d4 d5 3. e5 c5 4. c3 Qb6 5. Nf3 Bd7 6. Be2 cxd4 7. cxd4 Bb5 8. Nc3 Bxe2 9. Qxe2 Qa6 10. Qb5+ Qxb5 11. Nxb5 Kd7 12. Ng5 Nh6 13. Bd2 a6 14. Nc3 b5 15. O-O Nc6 16. Be3 f6 17. Nf3 Nf5 18. Rfe1 Bb4 19. g4 Nfe7 20. a3 Ba5 21. b4 Bc7 22. Bf4 Ng6 23. Bg3 fxe5 24. Nxe5+ Ngxe5 25. Bxe5 Nxe5 26. dxe5 Rhf8 27. a4 Bb6 28. Re2 Bd4 29. Rc1 Rac8 30. Rec2 Bxe5 31. axb5 Bxc3 32. Rxc3 axb5 33. Kf1 Rc4 34. Ke2 Kd6 35. f3 e5 36. Rxc4 bxc4 37. Ra1 Rc8 38. Kd2 d4 39. b5 Kc5 40. Re1 Kd5 41. b6 Rb8 42. Rb1 Kc5 43. b7 Kc6 44. Re1 Rxb7 45. Rxe5 Kd6 46. f4 Rb2+ 47. Kc1 Rxh2 48. Re4 Kc5 49. Re7 g6 50. f5 gxf5 51. gxf5 Rf2 52. Rf7 Kb4 53. Rxh7 Rxf5 54. Rh3 Rf2 55. Rg3 c3 56. Rg8 Kc4 57. Rg3 Kb3 58. Kd1 Kb2 59. Ke1 Rh2 60. Rg8 c2 61. Rb8+ Kc3 62. Rc8+ Kd3 63. Rc7 Rh1+ 0-1

[Event "CZE National Open 2020"]
[Site "Kouty nad Desnou"]
[Date "2020.03.09"]
[Round "3.5"]
[White "Vyhnalek, Jan"]
[Black "Blaha, Lukas"]
[Result "1-0"]
[ECO "D30"]
[WhiteElo "1528"]
[BlackElo "1401"]
[Annotator "NA"]
[PlyCount "79"]
[EventDate "2020.03.07"]
[EventCountry "CZE"]
[SourceTitle "playchess.com"]
[Source "ChessBase"]
[SourceQuality "1"]
[TimeControl "5400+30"]

1. d4 d5 2. c4 e6 3. Nf3 Nf6 4. Bg5 Be7 5. Nc3 Nbd7 6. e3 c6 7. Bd3 Ng8 8. Bf4 h6 9. O-O h5 10. e4 g5 11. Be3 g4 12. Nd2 Nb6 13. exd5 cxd5 14. c5 Nd7 15. Qa4 a6 16. Bf4 Bg5 17. Bxg5 Qxg5 18. Nb3 Ne7 19. Rae1 Rg8 20. Nb5 Kf8 21. Nd6 Nf6 22. Re5 Qh6 23. f4 g3 24. h3 Ng6 25. Bxg6 Rxg6 26. Qa5 Kg7 27. Qc7 Bd7 28. Qxb7 Qh8 29. c6 Rb8 30. Qc7 Rc8 31. Nxc8 Qxc8 32. Qxc8 Bxc8 33. Nc5 Kf8 34. Rc1 Ne8 35. Rxh5 Ke7 36. Re5 Rf6 37. f5 Rxf5 38. Rxf5 exf5 39. Re1+ Kd8 40. Nb7+ 1-0

[Event "CZE National Open 2020"]
[Site "Kouty nad Desnou"]
[Date "2020.03.09"]
[Round "3.6"]
[White "Kozusnik, Roman"]
[Black "Cerny, Michael"]
[Result "1-0"]
[ECO "D80"]
[WhiteElo "1397"]
[BlackElo "1513"]
[Annotator "NA"]
[PlyCount "86"]
[EventDate "2020.03.07"]
[EventCountry "CZE"]
[SourceTitle "playchess.com"]
[Source "ChessBase"]
[SourceQuality "1"]
[TimeControl "5400+30"]

1. d4 Nf6 2. c4 g6 3. Nc3 d5 4. e3 Bg7 5. Bd3 O-O 6. h3 c5 7. dxc5 dxc4 8. Bxc4 Qa5 9. b4 Qxb4 10. Qb3 Qxb3 11. axb3 Ne4 12. Nd5 Bxa1 13. Nc7 Be5 14. Nxa8 Nc6 15. f4 Bc3+ 16. Ke2 Ba5 17. Kf3 Nf6 18. Ba3 Bf5 19. b4 Nxb4 20. Bxb4 Bxb4 21. Nc7 Be4+ 22. Kf2 a6 23. Nf3 Ba5 24. Bxf7+ Kxf7 25. Ne5+ Kg8 26. Ne6 Rc8 27. Rd1 Bd5 28. Ng5 Rxc5 29. h4 Rc2+ 30. Kf1 Bxg2+ 31. Kg1 Bb6 32. Rd3 Be4 33. Rb3 Ba7 34. Kf1 Rc7 35. Rb4 Bd5 36. e4 Bc5 37. Rb1 Nxe4 38. Ngf3 b5 39. h5 Ng3+ 40. Kg2 Nxh5 41. Rh1 Nxf4+ 42. Kg3 Ne2+ 43. Kg4 Be6+ 1-0

[Event "CZE National Open 2020"]
[Site "Kouty nad Desnou"]
[Date "2020.03.09"]
[Round "3.7"]
[White "Mrkvan, Frantisek"]
[Black "Strnad, Vladimir"]
[Result "1-0"]
[ECO "B32"]
[WhiteElo "1480"]
[BlackElo "1356"]
[Annotator "NA RC"]
[PlyCount "39"]
[EventDate "2020.03.07"]
[EventCountry "CZE"]
[SourceTitle "playchess.com"]
[Source "ChessBase"]
[SourceQuality "1"]
[TimeControl "5400+30"]

1. e4 c5 2. Nf3 Nc6 3. d4 cxd4 4. Nxd4 e5 5. Nb5 d6 6. N1c3 a6 7. Na3 b5 8. Nd5 Be6 9. c3 Be7 10. Nc2 h6 11. a4 Na7 12. axb5 axb5 13. Be3 Qb8 14. Nb6 Bg5 15. Nxa8 Bxe3 16. Nxe3 Bd7 17. Nd5 Nf6 18. Nac7+ Kf8 19. Nxf6 gxf6 20. Qxd6+ {[%emt 0:00:21] Qd8} 1-0

[Event "CZE National Open 2020"]
[Site "Kouty nad Desnou"]
[Date "2020.03.09"]
[Round "3.8"]
[White "Ecler, Matej"]
[Black "Steinbauer, Sebastian"]
[Result "0-1"]
[ECO "B35"]
[WhiteElo "1232"]
[BlackElo "1527"]
[Annotator "NA"]
[PlyCount "78"]
[EventDate "2020.03.07"]
[EventCountry "CZE"]
[SourceTitle "playchess.com"]
[Source "ChessBase"]
[SourceQuality "1"]
[TimeControl "5400+30"]

1. e4 c5 2. Nf3 Nc6 3. d4 cxd4 4. Nxd4 g6 5. Be3 Bg7 6. Nc3 Nf6 7. Bc4 O-O 8. Qd2 e6 9. f3 d5 10. exd5 Nxd5 11. Bxd5 exd5 12. O-O-O Re8 13. Nb3 Be6 14. Rhe1 Qh4 15. g3 Qh3 16. Nb5 Red8 17. Nc7 Rac8 18. Nxe6 fxe6 19. Nc5 b6 20. Nb3 Rd7 21. Qe2 Nb4 22. Rd2 Rdc7 23. Na1 Qf5 24. g4 Qf8 25. Kb1 Qe8 26. a3 Nc6 27. Bf4 e5 28. Qb5 Qf7 29. Be3 d4 30. Bf2 Na5 31. Qe2 Nc4 32. Rd3 a5 33. Bg3 a4 34. h4 Ne3 35. Rd2 h6 36. Rh1 Rc5 37. Bf2 Nc4 38. Rd3 Rb5 39. b3 Nxa3+ 0-1